 Dungeon Crawl Stone Soup version 0.27.1-1-g398f81649c (webtiles) character file.

Game seed: 1279207691057965356

220 speeev33 the Skirmisher (level 5, -5/47 HPs)
             Began as a Hill Orc Fighter on Sept 10, 2021.
             Succumbed to an orc wizard's poison
             ... on level 4 of the Dungeon.
             The game lasted 00:04:31 (3104 turns).

speeev33 the Skirmisher (Hill Orc Fighter)          Turns: 3104, Time: 00:04:31

Health: -5/47      AC: 10    Str: 20    XL:     5   Next: 97%
Magic:  5/5        EV:  5    Int: 14    God:
Gold:   1069       SH: 10    Dex: 10    Spells: 4/4 levels left

rFire    . . .     SeeInvis .   a - +0 war axe
rCold    . . .     Faith    .   c - +1 kite shield
rNeg     . . .     Spirit   .   e - +0 chain mail
rPois    .         Reflect  .   (no helmet)
rElec    .         Harm     .   (no cloak)
rCorr    .         Rampage  .   (no gloves)
Will     .....                  m - +0 pair of boots
Stlth    ..........             (no amulet)
HPRegen  0.15/turn              j - +6 ring of intelligence
MPRegen  0.09/turn              (no ring)

@: mighty, lethally poisoned (-5 -> -40)
A: no striking features
a: no special abilities


You were on level 4 of the Dungeon.
You visited 1 branch of the dungeon, and saw 4 of its levels.

You collected 1069 gold pieces.

Inventory:

Hand Weapons
 a - a +0 war axe (weapon)
 o - a +0 flail
Missiles
 b - 5 datura-tipped darts (quivered)
 h - 31 poisoned darts
Armour
 c - a +1 kite shield (worn)
 e - a +0 chain mail (worn)
 m - a +0 pair of boots (worn)
Jewellery
 j - a +6 ring of intelligence (left hand)
Wands
 p - a wand of iceblast (5)
Scrolls
 f - 2 scrolls of teleportation
 i - a scroll of blinking
 n - a scroll of enchant armour
Potions
 g - a potion of heal wounds {unknown}
 k - a potion of magic
 l - a potion of attraction {unknown}


   Skills:
 + Level 4.9 Fighting
 + Level 4.5 Axes
 + Level 4.5 Armour
 + Level 4.5 Shields


You had 4 spell levels left.
You didn't know any spells.
Your spell library was empty.

Dungeon Overview and Level Annotations

Branches:
Dungeon (4/15)
 Temple: D:4-7

Altars:
Dithmenos
Elyvilon
Xom
Zin


Message History

You hear some strange, mumbled words.
The orc throws a boomerang.
The boomerang hits you.
You feel sick. You block something's attack.
Something hits you but does no damage.
You are more poisoned.
You miss something.
Your chain mail prevents you from hitting something.
You feel very sick. Something hits you. You block something's attack.
You slash something! You miss something.
You feel very sick. Something hits you but does no damage.
The orc throws a boomerang.
You block the boomerang.
You hear some strange, mumbled words.
Something tries to affect you, but you resist.
Something hits you but does no damage. Something hits you.
You are more poisoned.
The orc throws a boomerang.
You feel very mighty all of a sudden.
You feel very sick.
Something hits you but does no damage. x2
You are lethally poisoned!
The orc throws a boomerang.
You block the boomerang.
You closely miss something.
Your shield and chain mail prevent you from hitting something.
* * * LOW HITPOINT WARNING * * *
You feel extremely sick. Something hits you but does no damage.
Something completely misses you.
The orc throws a boomerang.
You block the boomerang.
You hit something. You miss something.
* * * LOW HITPOINT WARNING * * *
You feel very sick. Something hits you.
* * * LOW HITPOINT WARNING * * *
Something hits you but does no damage.
You are more poisoned.
You block something's attack. Something hits you but does no damage.
You are more poisoned.
It was a potion of magic.
Magic courses through your body.
You die...

####### #.....#
#.###.# ####.# #.#
#....# #.# ###.####
#.#
#...######.#####...
#.###...#.{@{ooo...
#.###.#.########...
#..............
####.##.#######
#.##.#######
#.##.......#
#.########.#
######....#####.#
#...#####.#.....#


You could see 3 orcs.

Vanquished Creatures
  A hound (D:4)
  2 orc priests (D:3)
  An orc wizard (D:3)
  2 adders
  A dart slug (D:1)
  10 orcs
  6 ball pythons
  3 bats
  6 endoplasms
  3 giant cockroaches (D:1)
  8 goblins
  10 hobgoblins
  5 jackals
  3 kobolds
  A quokka (D:2)
  2 frilled lizards
  6 rats
70 creatures vanquished.

Notes
Turn   | Place    | Note
-------+----------+-------------------------------------------
     0 | D:1      | speeev33 the Hill Orc Fighter began the quest for the Orb.
     0 | D:1      | Reached XP level 1. HP: 19/19 MP: 1/1
   267 | D:1      | Reached XP level 2. HP: 27/27 MP: 2/2
   647 | D:1      | Reached XP level 3. HP: 33/33 MP: 3/3
   878 | D:1      | Found a shadowy altar of Dithmenos.
  1487 | D:2      | Reached XP level 4. HP: 40/40 MP: 4/4
  2053 | D:3      | Found a faded altar of an unknown god.
  2236 | D:3      | Found a white marble altar of Elyvilon.
  2254 | D:3      | Reached XP level 5. HP: 45/47 MP: 5/5
  2466 | D:3      | Identified a scroll of acquirement
  2466 | D:3      | Acquired 937 gold pieces
  2475 | D:3      | Found a shimmering altar of Xom.
  2478 | D:3      | Noticed an angel
  2481 | D:3      | Found a glowing silver altar of Zin.
  3104 | D:4      | Succumbed to an orc wizard's poison

Illustrated notes

Levels and vault maps discovered:
D:1:      dpeg_arrival_lava_altar, layout_rooms, hangedman_decor_points
D:2:      layout_basic, minmay_tromino_i2
D:3:      layout_rooms, grunt_temple_overflow_order_and_chaos_1,
          elyvilon_altar_3, dreamdust_ecumenical_altar_statues
D:4:      layout_basic, palyth_temple_overflow_mages, eino_tiny_chamber,
          minmay_close_crescents

Skill      XL: |  1  2  3  4 |
---------------+-------------+-----
Axes           | 3 4 |  4.5
Fighting       | 4 |  4.9
Armour         | 4 |  4.5
Shields        | 4 |  4.5

Action                   |  1- 3 |  4- 6 || total
-------------------------+-------+-------++-------
Melee: War axe           |    93 |   108 ||   201
  Use: Scroll            |     6 |     2 ||     8
       Potion            |       |     3 ||     3
 Stab: Distracted        |     1 |       ||     1
Armor: Chain mail        |    65 |    63 ||   128
Dodge: Dodged            |    16 |    31 ||    47
Block: Kite shield       |    48 |    91 ||   139
